 Dungeon Sprint DCSS version 0.20.1-1-g8b1a95d (webtiles) character file.

64 potatolord6000 the Skirmisher (level 4, -1/38 HPs)
             Began as a Human Fighter on Aug 29, 2017.
             Slain by a water elemental (12 damage)
             ... in the Dungeon (Sprint III: "The Ten Rune Challenge").
             The game lasted 00:01:54 (263 turns).

potatolord6000 the Skirmisher (Human Fighter)        Turns: 263, Time: 00:01:54

Health: -1/38      AC:  9    Str: 23    XL:     4   Next: 32%
Magic:  4/4        EV:  7    Int:  8    God:
Gold:   26         SH: 10    Dex: 14    Spells: 3/3 levels left

rFire    . . .     SeeInvis .   a - +0 long sword
rCold    . . .     Gourm    .   c - +0 shield
rNeg     . . .     Faith    .   b - +0 scale mail
rPois    .         Spirit   .   (no helmet)
rElec    +         Reflect  .   (no cloak)
rCorr    .         Harm     .   (no gloves)
MR       .....     NoTele   +   (no boots)
Stlth    +.........             (no amulet)
Regen    0.2/turn               (no ring)
MPRegen  0.1/turn               (no ring)

@: mighty, engulfed (cannot breathe), hasted, very quick
A: molten scales 1, agile 1, electricity resistance
a: no special abilities


You were in the Dungeon.
You were not hungry.

You visited 1 branch You collected 26 gold pieces.

Inventory:

Hand Weapons
 a - a +0 long sword (weapon)
Armour
 b - a +0 scale mail (worn)
 c - a +0 shield (worn)
Wands
 n - a wand of random effects (34/48)
Scrolls
 k - a scroll of blinking
 l - 2 scrolls of amnesia {unknown}
 o - 2 scrolls of immolation {unknown}
 p - 3 scrolls of identify
 q - 2 scrolls of remove curse
Potions
 e - a potion of curing
 g - a potion of heal wounds
 i - 2 potions of magic
 j - a potion of berserk rage
 m - 2 potions of flight {unknown}
 s - a potion of brilliance {unknown}
Comestibles
 f - 2 bread rations
 r - a royal jelly


   Skills:
 + Level 4.6 Fighting
 + Level 3.7 Long Blades
 + Level 4.5 Armour
 + Level 3.4 Stealth
 + Level 4.4 Shields


You had 3 spell levels left.
You didn't know any spells.

Dungeon Overview and Level Annotations

Branches:
Dungeon (1/1)

Altars:


Innate Abilities, Weirdness & Mutations

You are partially covered in molten scales. (AC +2)
You are agile. (Dex +2)
You are resistant to electric shocks. (rElec)


Message History

You hit the water elemental.
The water elemental is moderately damaged.
The water elemental hits you!
The water elemental engulfs you in water!
Unknown command.
Your shield and scale mail prevent you from hitting the water elemental.
The water elemental is moderately damaged.
Your lungs strain for air!
You block the water elemental's attack.
Unknown command.
You hit the water elemental.
The water elemental is heavily damaged.
Your lungs strain for air!
The water elemental hits you.
You slash the water elemental!
The water elemental is almost destroyed.
* * * LOW HITPOINT WARNING * * *
Your lungs strain for air!
The water elemental hits you!
You die...

▓▓▓▓▓▓▓ ▓▓▓ ..#..)####
##.# ..#......#####..#
.##.......#.!#..#
#.##.##...#..#..###+#+##
#.##.###..##'#..#.......
.####.##..###...@.⌠.....
###..##..####...#E..####
..†..##..###....#.⌠.#
##..##...##†....#...#
#..##....#.†....#+###
..###..##.#.....# ..#
#..#####....# ▓▓▓ ▓▓▓▓
▓▓▓▓▓▓


You could see a water elemental.

Vanquished Creatures
  Jessica (D)
  A human (D)
  A wolf (D)
  An ooze (D)
  A rat (D)
5 creatures vanquished.

Vanquished Creatures (others)
  2 draconian scorchers (D)
  6 hellions (D)
  A yaktaur (D)
  2 plants (D)
11 creatures vanquished.

Grand Total: 16 creatures vanquished

Notes
Turn   | Place    | Note
-------+----------+-------------------------------------------
     0 | D        | potatolord6000 the Human Fighter began the quest for the Orb.
     0 | D        | Reached XP level 1. HP: 18/18 MP: 1/1
    14 | D        | Reached skill level 1 in Stealth
    40 | D        | Noticed Jessica
    47 | D        | Killed Jessica
    47 | D        | Reached XP level 2. HP: 25/25 MP: 2/2
    47 | D        | Reached XP level 3. HP: 30/30 MP: 3/3
    71 | D        | Killed a yaktaur
    90 | D        | Reached XP level 4. HP: 18/38 MP: 4/4
    99 | D        | Killed a hellion
   100 | D        | Killed a hellion
   101 | D        | Killed a hellion
   104 | D        | Killed a hellion
   107 | D        | Killed a hellion
   111 | D        | Killed a hellion
   119 | D        | Gained mutation: You are resistant to electric shocks. (rElec) [potion of mutation]
   119 | D        | Gained mutation: You are agile. (Dex +2) [potion of mutation]
   119 | D        | Gained mutation: You are partially covered in molten scales. (AC +2) [potion of mutation]
   194 | D        | Killed a white draconian scorcher
   244 | D        | Killed a white draconian scorcher
   257 | D        | Noticed a water elemental
   263 | D        | Slain by a water elemental

Skill      XL: |  1  2  3 |
---------------+----------+-----
Stealth        | 2 3 |  3.4
Fighting       | 4 |  4.6
Long Blades    | 3 |  3.7
Armour         | 4 |  4.5
Shields        | 4 |  4.4

Action                   |  1- 3 |  4- 6 || total
-------------------------+-------+-------++-------
Melee: Long sword        |    21 |     5 ||    26
  Use: Potion            |       |     3 ||     3
Armor: Scale mail        |     6 |     1 ||     7
Dodge: Dodged            |     6 |       ||     6
Block: Shield            |    13 |     2 ||    15
       Rpst.: Long sword |     4 |       ||     4
